ACL
ACL ATLANTA BRAVES @ ACL COLORADO ROCKIES
05/12/2042
 
TOP OF THE 1ST
ACL Atlanta Braves batting - Pitching for ACL Colorado Rockies : RHP Jeremy Collier
Pitching: RHP Jeremy Collier
Batting: RHB Arturo Serrano 0-0: Ball
1-0: Ball
2-0: Swinging Strike
2-1: Ball
3-1: Foul Ball, location: 5F
3-2: Base on Balls
Batting: RHB Chris Adams 0-0: Called Strike
0-1: Called Strike
0-2: Ball
1-2: Ball
2-2: Ball
3-2: Foul Ball, location: 2F
3-2: Foul Ball, location: 2F
3-2: Strikes out swinging
Arturo Serrano is caught stealing 2nd base 2-4
Batter strikes out.
Batting: RHB Eric Smith 0-0: Foul Ball, location: 7LMF
0-1: Foul Ball, location: 2F
0-2: Foul Ball, location: 7LDF
0-2: Ball
1-2: Strikes out swinging
Top of the 1st over - 0 runs, 0 hits, 0 errors, 0 left on base; ACL Atlanta 0 - ACL Colorado 0
BOTTOM OF THE 1ST
ACL Colorado Rockies batting - Pitching for ACL Atlanta Braves : LHP Chad Watson
Pitching: LHP Chad Watson
Batting: RHB Cliff Mobley 0-0: Ball
1-0: Called Strike
1-1: Swinging Strike
1-2: Foul Ball, location: 2F
1-2: Ball
2-2: Strikes out looking
Batting: RHB Luis Penhascos 0-0: Swinging Strike
0-1: Ball
1-1: Called Strike
1-2: Strikes out looking
Batting: RHB Marcello Mansvelt 0-0: Ball
1-0: Ball
2-0: Fly out, F9 (Line Drive, 89D, EV 91.3 MPH)
Bottom of the 1st over - 0 runs, 0 hits, 0 errors, 0 left on base; ACL Atlanta 0 - ACL Colorado 0
TOP OF THE 2ND
ACL Atlanta Braves batting - Pitching for ACL Colorado Rockies : RHP Jeremy Collier
Batting: RHB Joaquín Cardenas 0-0: Ball
1-0: Called Strike
1-1: Ball
2-1: Swinging Strike
2-2: Foul Ball, location: 9LSF
2-2: Strikes out swinging
Batting: RHB Jon Hood 0-0: Foul Ball, location: 5F
0-1: Ball
1-1: Ball
2-1: Ball
3-1: Foul Ball, location: 2F
3-2: Strikes out looking
Batting: RHB Tim Dempsey 0-0: Called Strike
0-1: Ball
1-1: Ball
2-1: Ball
3-1: Base on Balls
Batting: RHB Josh Lee 0-0: Ball
1-0: Fielders Choice at 2nd, 5-4 (Groundball, 56, EV 83.1 MPH)
Top of the 2nd over - 0 runs, 0 hits, 0 errors, 1 left on base; ACL Atlanta 0 - ACL Colorado 0
BOTTOM OF THE 2ND
ACL Colorado Rockies batting - Pitching for ACL Atlanta Braves : LHP Chad Watson
Batting: LHB Reginald Daniels 0-0: Foul Ball, location: 7LSF
0-1: Ball
1-1: Called Strike
1-2: Strikes out swinging
Batting: RHB Jim Unknown 0-0: Ball
1-0: Ball
2-0: Ball
3-0: Called Strike
3-1: Called Strike
3-2: Fly out, F8 (Flyball, 8LM, EV 98.8 MPH)
Batting: LHB Gus Edwards 0-0: Ball
1-0: Swinging Strike
1-1: Swinging Strike
1-2: Ball
2-2: Strikes out looking
Bottom of the 2nd over - 0 runs, 0 hits, 0 errors, 0 left on base; ACL Atlanta 0 - ACL Colorado 0
TOP OF THE 3RD
ACL Atlanta Braves batting - Pitching for ACL Colorado Rockies : RHP Jeremy Collier
Batting: RHB Ron Jackson 0-0: Called Strike
0-1: Ball
1-1: Ball
2-1: Foul Ball, location: 2LF
2-2: Foul Ball, location: 2F
2-2: Foul Ball, location: 3SF
2-2: Foul Ball, location: 2F
2-2: Ball
3-2: Strikes out swinging
Batting: RHB Jimmy Boyd 0-0: Ball
1-0: Foul Ball, location: 5FF
1-1: Swinging Strike
1-2: Foul Ball, location: 5F
1-2: Ball
2-2: Ball
3-2: Foul Ball, location: 2F
3-2: Foul Ball, location: 2F
3-2: Base on Balls
Batting: RHB Arturo Serrano 0-0: Ball
Jimmy Boyd steals 2nd base
1-0: SINGLE (Groundball, P, EV 84.4 MPH) (infield hit)
Jimmy Boyd to third
Batting: RHB Chris Adams 0-0: Called Strike
0-1: Ball
Arturo Serrano is caught stealing 2nd base 2-4
1-1: Swinging Strike
1-2: Strikes out swinging
Top of the 3rd over - 0 runs, 1 hit, 0 errors, 1 left on base; ACL Atlanta 0 - ACL Colorado 0
BOTTOM OF THE 3RD
ACL Colorado Rockies batting - Pitching for ACL Atlanta Braves : LHP Chad Watson
Batting: RHB Jim Unknown 0-0: Ball
1-0: Foul Ball, location: 2F
1-1: Foul Ball, location: 5F
1-2: Ball
2-2: Fly out, F9 (Flyball, 89M, EV 91.3 MPH)
Batting: LHB Alfredo Mota 0-0: SINGLE (Line Drive, 89M, EV 105.0 MPH)
Batting: RHB Jeremy Collier 0-0: Ball
1-0: Ball
2-0: Swinging Strike
2-1: Swinging Strike
2-2: Strikes out swinging
Batting: RHB Cliff Mobley 0-0: Called Strike
0-1: Ball
1-1: Ball
2-1: Ball
3-1: Foul Ball, location: 23F
3-2: Strikes out looking
Bottom of the 3rd over - 0 runs, 1 hit, 0 errors, 1 left on base; ACL Atlanta 0 - ACL Colorado 0
TOP OF THE 4TH
ACL Atlanta Braves batting - Pitching for ACL Colorado Rockies : RHP Jeremy Collier
Batting: RHB Eric Smith 0-0: Ball
1-0: Ball
2-0: Called Strike
2-1: Called Strike
2-2: Ball
3-2: Base on Balls
Batting: RHB Joaquín Cardenas 0-0: Called Strike
0-1: Ball
1-1: Foul Ball, location: 25FF
1-2: Foul Ball, location: 2F
1-2: Strikes out swinging
Pitching: RHP Jim Unknown
Batting: RHB Jon Hood 0-0: Ball
1-0: Swinging Strike
1-1: Foul Ball, location: 2F
1-2: Strikes out looking
Batting: RHB Tim Dempsey 0-0: Ball
1-0: Ball
2-0: Ball
3-0: Base on Balls
Eric Smith to second
Batting: RHB Josh Lee 0-0: Ball
1-0: Ball
2-0: Called Strike
2-1: Called Strike
2-2: Foul Ball, location: 2F
2-2: Ball
3-2: Foul Ball, location: 25F
3-2: Base on Balls
Eric Smith to third
Tim Dempsey to second
Batting: RHB Ron Jackson 0-0: Ball
1-0: Ball
2-0: Ball
3-0: Called Strike
3-1: SINGLE (Flyball, 4MD, EV 89.4 MPH)
Eric Smith scores
Tim Dempsey to third
Josh Lee to second
Runner from 3rd tries for Home, SAFE, throw by CF to home
Batting: RHB Jimmy Boyd 0-0: Ball
1-0: Ball
2-0: Ball
3-0: Called Strike
3-1: Base on Balls
Josh Lee to third
Ron Jackson to second
Batting: RHB Arturo Serrano 0-0: Ball
1-0: Called Strike
1-1: Ball
Wild Pitch!
Josh Lee scores
Ron Jackson to third
Jimmy Boyd to second
2-1: Called Strike
2-2: Foul Ball, location: 2F
2-2: Ball
3-2: Base on Balls
Batting: RHB Chris Adams 0-0: Foul Ball, location: 2F
0-1: Ball
1-1: Ball
2-1: Foul Ball, location: 2F
2-2: Foul Ball, location: 9LDF
2-2: Ball
3-2: Ground out 1-3 (Groundball, 34S, EV 66.3 MPH)
Top of the 4th over - 3 runs, 1 hit, 0 errors, 3 left on base; ACL Atlanta 3 - ACL Colorado 0
BOTTOM OF THE 4TH
ACL Colorado Rockies batting - Pitching for ACL Atlanta Braves : LHP Chad Watson
Batting: RHB Luis Penhascos 0-0: Ball
1-0: Swinging Strike
1-1: Swinging Strike
1-2: Strikes out swinging
Batting: RHB Marcello Mansvelt 0-0: Ball
1-0: Called Strike
1-1: Ball
2-1: Ball
3-1: Base on Balls
Batting: LHB Reginald Daniels 0-0: Called Strike
0-1: Ball
1-1: Foul Ball, location: 3F
1-2: Foul Ball, location: 7LMFF
1-2: Foul Ball, location: 7LSF
1-2: Ball
2-2: Foul Ball, location: 2F
2-2: Foul Ball, location: 2F
2-2: Ball
3-2: Base on Balls
Marcello Mansvelt to second
Batting: RHB Jim Unknown 0-0: Swinging Strike
0-1: Foul Ball, location: 9LMF
0-2: Strikes out swinging
Batting: LHB Gus Edwards 0-0: Ball
1-0: Swinging Strike
1-1: Ball
2-1: Swinging Strike
2-2: Foul Ball, location: 2F
2-2: Foul Ball, location: 9LDF
2-2: Strikes out swinging
Bottom of the 4th over - 0 runs, 0 hits, 0 errors, 2 left on base; ACL Atlanta 3 - ACL Colorado 0
TOP OF THE 5TH
ACL Atlanta Braves batting - Pitching for ACL Colorado Rockies : RHP Jim Unknown
Batting: RHB Eric Smith 0-0: Called Strike
0-1: Foul Ball, location: 2RF
0-2: Ball
1-2: Strikes out swinging
Batting: RHB Joaquín Cardenas 0-0: Ball
1-0: Ball
2-0: Called Strike
2-1: Ball
3-1: DOUBLE (Line Drive, 89M, EV 93.1 MPH)
Batting: RHB Jon Hood 0-0: Ball
1-0: Foul Ball, location: 3FF
1-1: Fly out, F3 (Popup, 34, EV 61.9 MPH)
Batting: RHB Tim Dempsey 0-0: Called Strike
0-1: Foul Ball, location: 2F
0-2: Ball
1-2: Ball
2-2: Ball
3-2: Base on Balls
Pitching: RHP Jim Unknown
Batting: RHB Josh Lee 0-0: Ball
1-0: Fly out, F8 (Line Drive, 8LM, EV 102.5 MPH)
Top of the 5th over - 0 runs, 1 hit, 0 errors, 2 left on base; ACL Atlanta 3 - ACL Colorado 0
BOTTOM OF THE 5TH
ACL Colorado Rockies batting - Pitching for ACL Atlanta Braves : LHP Chad Watson
Batting: RHB Jim Unknown 0-0: Called Strike
0-1: Ground out 6-3 (Groundball, 56, EV 90.6 MPH)
Batting: LHB Alfredo Mota 0-0: Ball
1-0: Swinging Strike
1-1: Foul Ball, location: 25F
1-2: Ball
2-2: Foul Ball, location: 23F
2-2: Fly out, F2 (Popup, 2LF, EV 94.4 MPH)
Batting: RHB Jeremy Collier 0-0: Ball
1-0: Foul Ball, location: 3FF
1-1: Foul Ball, location: 5FF
1-2: Foul Ball, location: 23FF
1-2: Foul Ball, location: 5FF
1-2: Strikes out swinging
Bottom of the 5th over - 0 runs, 0 hits, 0 errors, 0 left on base; ACL Atlanta 3 - ACL Colorado 0
TOP OF THE 6TH
ACL Atlanta Braves batting - Pitching for ACL Colorado Rockies : RHP Jim Unknown
Batting: RHB Ron Jackson 0-0: Ball
1-0: Ball
2-0: Swinging Strike
2-1: Ball
3-1: Base on Balls
Batting: RHB Jimmy Boyd 0-0: Bunt missed!
0-1: Bunted foul
0-2: Ball
1-2: Foul Ball, location: 5DF
1-2: 2-RUN HOME RUN (Flyball, 8RXD, EV 109.4 MPH), Distance : 444 ft
Batting: RHB Arturo Serrano 0-0: Ground out 6-3 (Groundball, 6, EV 88.1 MPH)
Batting: RHB Chris Adams 0-0: Called Strike
0-1: Ball
1-1: Called Strike
1-2: Strikes out swinging
Batting: RHB Eric Smith 0-0: Ball
1-0: Fly out, F8 (Flyball, 78XD, EV 83.1 MPH)
Top of the 6th over - 2 runs, 1 hit, 0 errors, 0 left on base; ACL Atlanta 5 - ACL Colorado 0
BOTTOM OF THE 6TH
ACL Colorado Rockies batting - Pitching for ACL Atlanta Braves : LHP Chad Watson
Batting: RHB Cliff Mobley 0-0: Swinging Strike
0-1: Called Strike
0-2: Foul Ball, location: 9LDF
0-2: Strikes out swinging
Batting: RHB Luis Penhascos 0-0: Foul Ball, location: 5FF
0-1: Ball
1-1: Ball
2-1: Foul Ball, location: 2F
2-2: Foul Ball, location: 2F
2-2: Strikes out swinging
Batting: RHB Marcello Mansvelt 0-0: Ball
1-0: Foul Ball, location: 9LMF
1-1: Ball
2-1: Ground out 4-3 (Groundball, 4, EV 99.4 MPH)
Bottom of the 6th over - 0 runs, 0 hits, 0 errors, 0 left on base; ACL Atlanta 5 - ACL Colorado 0
TOP OF THE 7TH
ACL Atlanta Braves batting - Pitching for ACL Colorado Rockies : RHP Jim Unknown
Batting: RHB Joaquín Cardenas 0-0: Ball
1-0: Foul Ball, location: 2F
1-1: Swinging Strike
1-2: Ball
2-2: Ground out 4-3 (Groundball, 34, EV 110.0 MPH)
Batting: RHB Jon Hood 0-0: Called Strike
0-1: Foul Ball, location: 3SF
0-2: Fly out, F9 (Flyball, 9, EV 90.0 MPH)
Batting: RHB Tim Dempsey 0-0: Called Strike
0-1: Ball
1-1: Called Strike
1-2: Ball
2-2: Foul Ball, location: 2F
2-2: Ball
3-2: Base on Balls
Batting: RHB Josh Lee 0-0: Called Strike
0-1: Ball
1-1: Called Strike
1-2: Ball
2-2: Ball
3-2: Foul Ball, location: 2F
3-2: Base on Balls
Tim Dempsey to second
Batting: RHB Ron Jackson 0-0: Swinging Strike
0-1: Ball
1-1: Foul Ball, location: 9LMF
1-2: Strikes out swinging
Top of the 7th over - 0 runs, 0 hits, 0 errors, 2 left on base; ACL Atlanta 5 - ACL Colorado 0
BOTTOM OF THE 7TH
ACL Colorado Rockies batting - Pitching for ACL Atlanta Braves : LHP Chad Watson
Pitching: RHP José Rico
Batting: LHB Reginald Daniels 0-0: Called Strike
0-1: Called Strike
0-2: Ball
1-2: Foul Ball, location: 9LSF
1-2: Foul Ball, location: 2F
1-2: Strikes out looking
Batting: RHB Jim Unknown 0-0: Called Strike
0-1: Swinging Strike
0-2: Foul Ball, location: 2F
0-2: Foul Ball, location: 3FF
0-2: Ball
1-2: Ball
2-2: Ball
3-2: Foul Ball, location: 2LF
3-2: Base on Balls
Batting: LHB Gus Edwards 0-0: SINGLE (Groundball, 6MD, EV 96.3 MPH)
Jim Unknown to second
Batting: RHB Jim Unknown 0-0: Ball
1-0: Foul Ball, location: 5F
1-1: Ball
2-1: Ball
3-1: Base on Balls
Jim Unknown to third
Gus Edwards to second
Batting: LHB Alfredo Mota 0-0: Called Strike
0-1: Ball
1-1: Ball
2-1: Called Strike
2-2: Strikes out swinging
Batting: RHB Leonardo Córdova 0-0: Foul Ball, location: 5FF
0-1: Swinging Strike
0-2: Ball
1-2: Strikes out swinging
Bottom of the 7th over - 0 runs, 1 hit, 0 errors, 3 left on base; ACL Atlanta 5 - ACL Colorado 0
TOP OF THE 8TH
ACL Atlanta Braves batting - Pitching for ACL Colorado Rockies : RHP Jim Unknown
Batting: RHB Jimmy Boyd 0-0: Ball
1-0: Called Strike
1-1: Fly out, F4 (Popup, 34S, EV 68.8 MPH)
Batting: RHB Arturo Serrano 0-0: Called Strike
0-1: Foul Ball, location: 9LSF
0-2: Strikes out looking
Batting: RHB Chris Adams 0-0: Ball
1-0: Ground out 2-3 (Groundball, 2R, EV 70.0 MPH)
Top of the 8th over - 0 runs, 0 hits, 0 errors, 0 left on base; ACL Atlanta 5 - ACL Colorado 0
BOTTOM OF THE 8TH
ACL Colorado Rockies batting - Pitching for ACL Atlanta Braves : RHP José Rico
Pinch Hitting: LHB Luis Ocasio 0-0: Foul Ball, location: 2F
0-1: Foul Ball, location: 3DF
0-2: Ball
1-2: Ball
2-2: Strikes out looking
Pinch Hitting: RHB Kevin Hutchison 0-0: Called Strike
0-1: Foul Ball, location: 25F
0-2: Ball
1-2: Hit by Pitch
Pinch Hitting: LHB Dominic Robinson 0-0: Called Strike
0-1: Ball
1-1: Foul Ball, location: 2F
1-2: Ball
2-2: Strikes out swinging
Batting: LHB Reginald Daniels 0-0: Swinging Strike
0-1: Swinging Strike
0-2: Ball
Wild Pitch!
Kevin Hutchison to second
1-2: Ball
2-2: Strikes out swinging
Bottom of the 8th over - 0 runs, 0 hits, 0 errors, 1 left on base; ACL Atlanta 5 - ACL Colorado 0
TOP OF THE 9TH
ACL Atlanta Braves batting - Pitching for ACL Colorado Rockies : RHP Jim Unknown
Pitching: LHP Jim Unknown
Now at 2B: Jim Unknown
Now in LF: Luis Ocasio
Now in CF: Alfredo Mota
Now in RF: Dominic Robinson
Batting: RHB Eric Smith 0-0: Ball
1-0: Ball
2-0: Ball
3-0: Called Strike
3-1: Foul Ball, location: 5SF
3-2: Base on Balls
Batting: RHB Joaquín Cardenas 0-0: Fly out, F8 (Flyball, 8LM, EV 85.0 MPH)
Batting: RHB Jon Hood 0-0: Swinging Strike
0-1: Ball
1-1: Swinging Strike
1-2: Ball
2-2: Foul Ball, location: 5F
2-2: Foul Ball, location: 5FF
2-2: Strikes out swinging
Batting: RHB Tim Dempsey 0-0: Ball
1-0: Called Strike
1-1: Ball
Eric Smith steals 2nd, throwing error, E2
Eric Smith to third
2-1: Foul Ball, location: 7LMF
2-2: TRIPLE (Flyball, 89XD, EV 100.6 MPH)
Eric Smith scores
Batting: RHB Josh Lee 0-0: Ball
Wild Pitch!
Tim Dempsey scores
1-0: Ball
2-0: DOUBLE (Flyball, 9D, EV 103.8 MPH)
Batting: RHB Ron Jackson 0-0: Called Strike
0-1: Ball
1-1: DOUBLE (Flyball, 8RXD, EV 105.6 MPH)
Josh Lee scores
Batting: RHB Jimmy Boyd 0-0: Ball
1-0: Ball
2-0: Ball
3-0: Swinging Strike
3-1: Swinging Strike
3-2: Strikes out swinging
Top of the 9th over - 3 runs, 3 hits, 1 error, 1 left on base; ACL Atlanta 8 - ACL Colorado 0
BOTTOM OF THE 9TH
ACL Colorado Rockies batting - Pitching for ACL Atlanta Braves : RHP José Rico
Pinch Hitting: SHB José Sánchez 0-0: Ball
1-0: SINGLE (Line Drive, 78S, EV 89.4 MPH)
Batting: LHB Gus Edwards 0-0: Hit by Pitch
José Sánchez to second
Pinch Hitting: LHB Colm Love 0-0: Ball
1-0: Called Strike
1-1: Swinging Strike
1-2: Strikes out looking
Pitching: RHP Ron Dean
Batting: LHB Alfredo Mota 0-0: Called Strike
0-1: Swinging Strike
0-2: Strikes out swinging
Batting: RHB Jim Unknown 0-0: Ball
1-0: Called Strike
1-1: Hit by Pitch
José Sánchez to third
Gus Edwards to second
Batting: LHB Luis Ocasio 0-0: Ball
1-0: Foul Ball, location: 2F
1-1: Swinging Strike
1-2: Ball
2-2: Strikes out swinging
Bottom of the 9th over - 0 runs, 1 hit, 0 errors, 3 left on base; ACL Atlanta 8 - ACL Colorado 0
Monday, April 29th , 2024 - OOTP Baseball 24.10 Build 82